General information
- name: BNet
- type: Ladder team game (AT/RT)
- host: Battle.net
- saver: Teardrinker
map: FullScaleAssault
- players: 8
- length: 43:24
- speed: Fast
- version: 1.26 W3XP
- replay type: Public
» download(237 KB)
Players
team 1 (loser)
gayNoob (
pink | 83 APM | 1120 actions | 13:26)
3 Blademaster
2 Mirror Image
1 Critical Strike
» actions
| Assign group hotkey | 4 | |
| Build / train | 37 | |
| Enter build submenu | 11 | |
| Enter hero's abilities submenu | 3 | |
| Give item / drop item | 3 | |
| Right click | 641 | |
| Select / deselect | 126 | |
| Select group hotkey | 273 | |
| Use ability | 22 | |
1120 total
» units
| Peon | 10 | |
| Troll Batrider | 11 | |
| Wind Rider | 2 | |
23 total
» upgrades
| Ranged Weapons | 3 | |
| Liquid Fire | 1 | |
| Armor | 1 | |
5 total
» buildings
| Altar of Storms | 1 | |
| Orc Burrow | 5 | |
| War Mill | 1 | |
| Voodoo Lounge | 1 | |
| Stronghold | 1 | |
| Fortress | 1 | |
| Beastiary | 3 | |
13 total
» build order
00:28 Altar of Storms
00:45 Orc Burrow
00:58 War Mill
01:14 Voodoo Lounge
03:00 Stronghold
04:18 Orc Burrow
05:21 Orc Burrow
05:29 Fortress
05:36 Beastiary
05:42 Beastiary
05:51 Beastiary
06:22 Orc Burrow
12:10 Orc Burrow
» items
| Healing Salve | 1 | |
| Orb of Lightning | 1 | |
2 total
GODLY-SAINT. (
blue | 69 APM | 2984 actions | 43:24)
10 Archmage
3 Summon Water Elemental
3 Brilliance Aura
2 Mass Teleport
2 Blizzard
» actions
| Assign group hotkey | 59 | |
| Basic commands | 13 | |
| Build / train | 99 | |
| Enter build submenu | 30 | |
| Enter hero's abilities submenu | 13 | |
| Give item / drop item | 3 | |
| Remove unit from queue | 1 | |
| Right click | 1202 | |
| Select / deselect | 382 | |
| Select group hotkey | 955 | |
| Use ability | 227 | |
2984 total
» units
| Peasant | 15 | |
| Footman | 4 | |
| Goblin Shredder | 2 | |
| Gryphon Rider | 3 | |
| Goblin Zeppelin | 1 | |
| Blue Dragon | 2 | |
| Raider | 2 | |
| Mortar Team | 3 | |
| Dragonhawk Rider | 2 | |
34 total
» upgrades
| Masonry | 3 | |
| Swords | 2 | |
| Lumber Harvesting | 0 | |
| Animal War Training | 1 | |
| Armor | 3 | |
| Storm Hammers | 1 | |
| Cloud | 1 | |
| Melee Weapons | 2 | |
| Reinforced Defenses | 1 | |
| Gunpowder | 1 | |
| Plating | 1 | |
16 total
» buildings
| Altar of Kings | 1 | |
| Barracks | 1 | |
| Farm | 12 | |
| Scout Tower | 35 | |
| Lumber Mill | 1 | |
| Arcane Tower | 1 | |
| Town Hall | 4 | |
| Arcane Vault | 1 | |
| Guard Tower | 9 | |
| Keep | 1 | |
| Blacksmith | 2 | |
| Castle | 1 | |
| Gryphon Aviary | 3 | |
| Workshop | 1 | |
| Cannon Tower | 6 | |
| Orc Burrow | 3 | |
82 total
» build order
00:09 Altar of Kings
00:20 Barracks
00:36 Farm
00:51 Farm
01:31 Farm
01:37 Scout Tower
02:04 Lumber Mill
02:24 Arcane Tower
02:39 Farm
03:55 Town Hall
04:03 Scout Tower
04:04 Scout Tower
04:05 Scout Tower
04:05 Scout Tower
04:15 Arcane Vault
04:38 Guard Tower
06:06 Keep
06:22 Farm
06:39 Scout Tower
06:39 Scout Tower
06:40 Scout Tower
06:41 Scout Tower
06:41 Scout Tower
07:27 Guard Tower
07:33 Blacksmith
07:49 Guard Tower
08:50 Castle
09:04 Gryphon Aviary
09:05 Gryphon Aviary
10:27 Scout Tower
10:28 Scout Tower
10:28 Scout Tower
10:29 Scout Tower
10:30 Scout Tower
10:30 Scout Tower
11:10 Guard Tower
11:34 Gryphon Aviary
11:45 Guard Tower
12:21 Scout Tower
12:23 Scout Tower
13:28 Guard Tower
13:38 Scout Tower
13:38 Scout Tower
13:38 Scout Tower
13:41 Scout Tower
13:41 Scout Tower
13:41 Scout Tower
14:07 Blacksmith
14:10 Workshop
14:18 Guard Tower
14:18 Guard Tower
15:40 Cannon Tower
15:44 Scout Tower
15:45 Scout Tower
15:45 Scout Tower
16:23 Cannon Tower
16:40 Orc Burrow
16:41 Orc Burrow
16:41 Orc Burrow
16:48 Farm
16:48 Farm
16:49 Farm
16:49 Farm
16:50 Farm
16:52 Scout Tower
16:52 Scout Tower
16:52 Scout Tower
16:54 Scout Tower
16:54 Scout Tower
17:41 Cannon Tower
18:05 Guard Tower
18:07 Cannon Tower
18:10 Farm
18:10 Farm
18:23 Cannon Tower
21:01 Town Hall
23:19 Town Hall
25:02 Scout Tower
25:03 Scout Tower
25:37 Cannon Tower
29:16 Town Hall
» items
| Staff of Teleportation | 1 | |
| Lesser Clarity Potion | 3 | |
| Scroll of Regeneration | 2 | |
| Scroll of Town Portal | 1 | |
| Potion of Lesser Invulnerability | 1 | |
| Tome of Retraining | 1 | |
9 total

»
TeamPlayer (
purple | 28 APM | 842 actions | 29:40)
7 Tauren Chieftain
3 Shockwave
3 Endurance Aura
1 Reincarnation
4 Shadow Hunter
2 Hex
2 Healing Wave
» actions
| Assign group hotkey | 22 | |
| Basic commands | 26 | |
| Build / train | 97 | |
| ESC pressed | 2 | |
| Enter build submenu | 17 | |
| Enter hero's abilities submenu | 11 | |
| Give item / drop item | 1 | |
| Right click | 217 | |
| Select / deselect | 239 | |
| Select group hotkey | 131 | |
| Use ability | 79 | |
842 total
» units
| Peon | 15 | |
| Grunt | 11 | |
| Goblin Shredder | 1 | |
| Tauren | 7 | |
| Shaman | 9 | |
| Raider | 5 | |
| Goblin Zeppelin | 1 | |
49 total
» upgrades
| Melee Weapons | 3 | |
| Armor | 3 | |
| Shaman Training | 2 | |
| Ensnare | 1 | |
| Spiked Barricades | 1 | |
| Reinforced Defenses | 1 | |
11 total
» buildings
| Barracks | 1 | |
| Orc Burrow | 9 | |
| Altar of Storms | 1 | |
| War Mill | 1 | |
| Voodoo Lounge | 1 | |
| Stronghold | 1 | |
| Great Hall | 2 | |
| Fortress | 1 | |
| Spirit Lodge | 1 | |
| Tauren Totem | 4 | |
22 total
» build order
00:20 Barracks
00:25 Orc Burrow
01:13 Altar of Storms
01:35 Orc Burrow
02:40 War Mill
02:58 Orc Burrow
03:49 Voodoo Lounge
04:44 Stronghold
05:42 Great Hall
06:40 Orc Burrow
08:23 Fortress
09:16 Spirit Lodge
11:25 Tauren Totem
11:30 Tauren Totem
11:35 Tauren Totem
13:06 Orc Burrow
13:06 Orc Burrow
13:07 Orc Burrow
13:07 Orc Burrow
21:20 Great Hall
25:14 Orc Burrow
» items
| Scroll of Town Portal | 7 | |
| Potion of Healing | 3 | |
| Healing Salve | 5 | |
| Potion of Mana | 2 | |
| Scroll of Healing | 1 | |
| Scroll of Protection | 1 | |
| Orb of Lightning | 2 | |
| Tiny Great Hall | 1 | |
22 total

»
rawPOWER (
yellow | 34 APM | 548 actions | 16:16)
4 Paladin
2 Holy Light
1 Devotion Aura
1 Divine Shield
» actions
| Basic commands | 7 | |
| Build / train | 55 | |
| Enter build submenu | 25 | |
| Enter hero's abilities submenu | 4 | |
| Remove unit from queue | 4 | |
| Right click | 248 | |
| Select / deselect | 153 | |
| Use ability | 52 | |
548 total
» units
| Peasant | 18 | |
| Footman | 13 | |
| Gryphon Rider | 4 | |
35 total
» buildings
| Altar of Kings | 1 | |
| Farm | 5 | |
| Barracks | 1 | |
| Lumber Mill | 1 | |
| Town Hall | 2 | |
| Keep | 1 | |
| Arcane Vault | 1 | |
| Scout Tower | 6 | |
| Guard Tower | 3 | |
| Gryphon Aviary | 2 | |
| Castle | 1 | |
| Blacksmith | 1 | |
25 total
» build order
00:08 Altar of Kings
00:11 Farm
00:16 Barracks
01:02 Farm
02:12 Lumber Mill
02:49 Farm
04:39 Town Hall
04:47 Town Hall
05:42 Keep
05:46 Farm
06:31 Arcane Vault
08:57 Scout Tower
09:04 Scout Tower
09:27 Scout Tower
09:28 Guard Tower
11:19 Scout Tower
11:27 Gryphon Aviary
11:29 Gryphon Aviary
11:41 Castle
12:20 Blacksmith
12:24 Scout Tower
12:26 Guard Tower
12:54 Guard Tower
13:07 Scout Tower
15:30 Farm
» items
| Scroll of Town Portal | 2 | |
| Potion of Healing | 2 | |
| Scroll of Regeneration | 2 | |
6 total
team 2 (winner)
Trinity.nV (
red | 80 APM | 2935 actions | 36:34)
6 Keeper of the Grove
3 Entangling Roots
2 Thorns Aura
1 Tranquility
3 Warden
2 Shadow Strike
1 Fan of Knives
1 Priestess of the Moon
1 Trueshot Aura
» actions
| Assign group hotkey | 39 | |
| Basic commands | 1 | |
| Build / train | 94 | |
| Enter build submenu | 37 | |
| Enter hero's abilities submenu | 10 | |
| Right click | 1840 | |
| Select / deselect | 640 | |
| Select group hotkey | 166 | |
| Use ability | 108 | |
2935 total
» units
| Wisp | 31 | |
| Huntress | 9 | |
| Dryad | 9 | |
| Druid of the Talon | 3 | |
| Mountain Giant | 1 | |
| Chimaera | 6 | |
| Hippogryph | 2 | |
| Goblin Zeppelin | 1 | |
| Goblin Sapper | 4 | |
66 total
» upgrades
| Strength of the Moon | 1 | |
| Strength of the Wild | 2 | |
| Corrosive Breath | 1 | |
| Reinforced Hides | 1 | |
5 total
» buildings
| Altar of Elders | 1 | |
| Moon Well | 8 | |
| Hunter's Hall | 1 | |
| Ancient of War | 1 | |
| Ancient of Wonders | 1 | |
| Tree of Ages | 2 | |
| Tree of Life | 4 | |
| Tree of Eternity | 1 | |
| Ancient Protector | 11 | |
| Ancient of Wind | 1 | |
| Ancient of Lore | 1 | |
| Chimaera Roost | 4 | |
36 total
» build order
00:59 Altar of Elders
01:02 Moon Well
01:06 Hunter's Hall
01:56 Ancient of War
02:22 Moon Well
03:01 Moon Well
03:27 Ancient of Wonders
04:21 Tree of Ages
05:24 Tree of Life
06:13 Moon Well
06:14 Moon Well
08:36 Tree of Eternity
10:28 Ancient Protector
11:05 Ancient Protector
11:11 Ancient Protector
11:14 Ancient Protector
11:17 Ancient of Wind
12:29 Ancient of Lore
15:01 Tree of Life
16:58 Moon Well
17:43 Chimaera Roost
17:45 Chimaera Roost
20:26 Chimaera Roost
21:09 Chimaera Roost
21:43 Ancient Protector
21:46 Ancient Protector
21:50 Ancient Protector
21:56 Tree of Life
25:19 Moon Well
25:21 Moon Well
27:41 Tree of Life
27:55 Ancient Protector
27:57 Ancient Protector
27:58 Ancient Protector
28:00 Ancient Protector
» items
| Orb of Venom | 2 | |
| Potion of Healing | 2 | |
4 total
Teardrinker (
green | 85 APM | 3669 actions | 43:24)
8 Archmage
2 Summon Water Elemental
2 Brilliance Aura
3 Blizzard
1 Mass Teleport
5 Blood Mage
3 Flame Strike
2 Banish
» actions
| Assign group hotkey | 98 | |
| Basic commands | 347 | |
| Build / train | 257 | |
| ESC pressed | 35 | |
| Enter build submenu | 64 | |
| Enter hero's abilities submenu | 13 | |
| Give item / drop item | 12 | |
| Remove unit from queue | 5 | |
| Right click | 1080 | |
| Select / deselect | 538 | |
| Select group hotkey | 831 | |
| Use ability | 388 | |
3669 total
» units
| Peasant | 16 | |
| Footman | 4 | |
| Goblin Shredder | 7 | |
| Goblin Zeppelin | 9 | |
| Sorceress | 1 | |
| Gryphon Rider | 1 | |
| Goblin Sapper | 3 | |
| Mortar Team | 2 | |
| Siege Engine | 6 | |
49 total
» upgrades
| Swords | 3 | |
| Armor | 3 | |
| Masonry | 4 | |
| Lumber Harvesting | 3 | |
| Sorceress Training | 2 | |
| Magic Sentry | 1 | |
| Storm Hammers | 1 | |
| Cloud | 1 | |
| Animal War Training | 1 | |
| Gunpowder | 3 | |
| Plating | 3 | |
| Fragmentation Shards | 1 | |
| Flak Cannons | 1 | |
| Barrage | 1 | |
| Priest Training | 2 | |
| Flare | 1 | |
| Control Magic | 1 | |
| Defend | 1 | |
| Long Rifles | 1 | |
| Flying Machine Bombs | 1 | |
35 total
» buildings
| Altar of Kings | 1 | |
| Barracks | 1 | |
| Farm | 15 | |
| Arcane Vault | 1 | |
| Lumber Mill | 2 | |
| Town Hall | 2 | |
| Keep | 3 | |
| Scout Tower | 34 | |
| Guard Tower | 63 | |
| Blacksmith | 1 | |
| Castle | 2 | |
| Arcane Sanctum | 1 | |
| Gryphon Aviary | 7 | |
| Workshop | 4 | |
137 total
» build order
00:54 Altar of Kings
00:56 Barracks
00:58 Farm
01:05 Farm
01:21 Farm
01:51 Arcane Vault
02:11 Farm
02:35 Lumber Mill
03:52 Town Hall
04:24 Farm
05:12 Keep
05:13 Keep
05:22 Scout Tower
06:05 Guard Tower
06:05 Guard Tower
06:05 Guard Tower
06:14 Scout Tower
06:47 Guard Tower
06:47 Guard Tower
06:47 Guard Tower
06:54 Blacksmith
07:35 Castle
07:35 Castle
08:46 Scout Tower
08:47 Scout Tower
08:48 Scout Tower
08:50 Scout Tower
08:51 Scout Tower
09:04 Scout Tower
09:07 Scout Tower
09:08 Scout Tower
09:09 Scout Tower
09:22 Guard Tower
10:45 Guard Tower
10:46 Guard Tower
11:09 Scout Tower
11:11 Scout Tower
11:21 Scout Tower
11:23 Scout Tower
11:35 Guard Tower
11:38 Guard Tower
11:38 Guard Tower
11:39 Guard Tower
11:39 Guard Tower
11:55 Guard Tower
11:57 Guard Tower
11:57 Guard Tower
11:57 Guard Tower
11:57 Guard Tower
12:27 Arcane Sanctum
12:40 Gryphon Aviary
12:44 Gryphon Aviary
12:46 Gryphon Aviary
13:09 Lumber Mill
13:36 Gryphon Aviary
13:38 Gryphon Aviary
13:39 Gryphon Aviary
13:40 Gryphon Aviary
15:59 Farm
16:00 Farm
16:01 Farm
16:02 Farm
18:12 Scout Tower
18:13 Scout Tower
18:14 Scout Tower
18:15 Scout Tower
18:15 Scout Tower
18:16 Scout Tower
18:57 Guard Tower
18:57 Guard Tower
19:23 Guard Tower
19:23 Guard Tower
19:28 Town Hall
19:30 Scout Tower
19:31 Scout Tower
19:32 Scout Tower
19:34 Scout Tower
19:35 Scout Tower
19:36 Scout Tower
19:37 Scout Tower
19:38 Scout Tower
19:39 Scout Tower
19:41 Scout Tower
19:44 Scout Tower
19:46 Scout Tower
19:47 Scout Tower
20:03 Guard Tower
20:04 Guard Tower
20:04 Guard Tower
20:43 Guard Tower
20:43 Guard Tower
20:43 Guard Tower
20:45 Guard Tower
20:45 Guard Tower
20:45 Guard Tower
20:46 Guard Tower
21:12 Guard Tower
21:12 Guard Tower
21:12 Guard Tower
24:25 Farm
24:27 Farm
24:28 Farm
24:29 Farm
24:30 Farm
24:32 Farm
24:48 Guard Tower
24:48 Guard Tower
24:48 Guard Tower
24:49 Guard Tower
24:58 Workshop
25:01 Workshop
25:06 Workshop
25:10 Workshop
» items
| Scroll of Regeneration | 7 | |
| Lesser Clarity Potion | 3 | |
| Mechanical Critter | 2 | |
| Tome of Retraining | 2 | |
| Staff of Teleportation | 2 | |
| Periapt of Vitality | 1 | |
| Scroll of Town Portal | 4 | |
| Staff of Sanctuary | 1 | |
| Potion of Healing | 1 | |
23 total
BadBrains (
teal | 36 APM | 1317 actions | 36:34)
5 Archmage
3 Summon Water Elemental
2 Brilliance Aura
1 Paladin
1 Devotion Aura
» actions
| Basic commands | 2 | |
| Build / train | 79 | |
| ESC pressed | 1 | |
| Enter build submenu | 35 | |
| Enter hero's abilities submenu | 6 | |
| Remove unit from queue | 3 | |
| Right click | 591 | |
| Select / deselect | 526 | |
| Use ability | 74 | |
1317 total
» units
| Peasant | 10 | |
| Footman | 6 | |
| Siege Engine | 20 | |
| Knight | 7 | |
43 total
» upgrades
| Plating | 2 | |
| Gunpowder | 2 | |
| Lumber Harvesting | 1 | |
| Barrage | 1 | |
| Defend | 1 | |
| Animal War Training | 1 | |
| Masonry | 1 | |
9 total
» buildings
| Altar of Kings | 1 | |
| Farm | 11 | |
| Barracks | 1 | |
| Blacksmith | 1 | |
| Lumber Mill | 1 | |
| Keep | 1 | |
| Arcane Vault | 1 | |
| Castle | 1 | |
| Workshop | 2 | |
| Scout Tower | 14 | |
| Guard Tower | 10 | |
| Town Hall | 1 | |
45 total
» build order
01:39 Altar of Kings
01:46 Farm
02:06 Farm
02:19 Barracks
02:44 Farm
03:06 Blacksmith
03:12 Lumber Mill
03:28 Farm
03:30 Keep
04:15 Arcane Vault
04:25 Farm
05:49 Farm
05:51 Farm
05:56 Castle
06:02 Workshop
06:09 Workshop
06:35 Farm
09:29 Farm
10:37 Scout Tower
10:45 Scout Tower
11:21 Guard Tower
11:23 Guard Tower
11:27 Scout Tower
11:31 Scout Tower
11:58 Guard Tower
12:01 Scout Tower
12:06 Scout Tower
12:34 Guard Tower
12:36 Scout Tower
12:38 Guard Tower
12:40 Scout Tower
14:40 Guard Tower
14:44 Scout Tower
15:07 Scout Tower
15:36 Guard Tower
15:42 Scout Tower
15:46 Scout Tower
16:47 Guard Tower
20:40 Farm
21:39 Farm
24:46 Scout Tower
25:24 Guard Tower
25:32 Scout Tower
26:39 Guard Tower
35:07 Town Hall
» items
| Boots of Speed | 1 | |
| Periapt of Vitality | 1 | |
| Scroll of Town Portal | 2 | |
4 total

»
Fenton (
orange | 15 APM | 664 actions | 43:24)
5 Keeper of the Grove
2 Force of Nature
3 Entangling Roots
» actions
| Assign group hotkey | 7 | |
| Basic commands | 21 | |
| Build / train | 37 | |
| Enter build submenu | 23 | |
| Enter hero's abilities submenu | 6 | |
| Give item / drop item | 2 | |
| Remove unit from queue | 5 | |
| Right click | 219 | |
| Select / deselect | 185 | |
| Select group hotkey | 89 | |
| Use ability | 69 | |
664 total
» units
| Wisp | 15 | |
| Druid of the Claw | 6 | |
| Archer | 2 | |
23 total
» upgrades
| Strength of the Wild | 1 | |
| Druid of the Claw Training | 1 | |
| Reinforced Hides | 1 | |
3 total
» buildings
| Altar of Elders | 3 | |
| Moon Well | 7 | |
| Tree of Ages | 1 | |
| Hunter's Hall | 2 | |
| Ancient of Wonders | 1 | |
| Ancient of Lore | 2 | |
| Tree of Eternity | 1 | |
| Tree of Life | 6 | |
| Ancient of War | 2 | |
25 total
» build order
00:05 Altar of Elders
00:06 Moon Well
02:00 Tree of Ages
02:51 Hunter's Hall
02:52 Moon Well
03:19 Hunter's Hall
03:28 Ancient of Wonders
03:52 Moon Well
03:54 Moon Well
03:55 Moon Well
04:25 Ancient of Lore
04:39 Ancient of Lore
07:41 Tree of Eternity
08:19 Tree of Life
11:32 Tree of Life
12:16 Tree of Life
13:42 Tree of Life
14:15 Tree of Life
14:20 Ancient of War
14:25 Ancient of War
17:40 Moon Well
18:02 Altar of Elders
19:58 Tree of Life
20:44 Altar of Elders
20:49 Moon Well
Chat log
(00:13 / All) Fenton: Canada wins gold bitchesQ!!!!
(00:15 / Allies) BadBrains: tanks
(00:33 / All) Teardrinker: Quebec has been winning almost all the gold I thought
(00:34 / Allies) Fenton: hi ima lot bit drunk but ill get bears n drys
(00:35 / All) Teardrinker: not Canada
(00:42 / Allies) Teardrinker: Don't get drys stay drunk
(00:44 / Allies) Teardrinker: don't get dry
(00:54 / Allies) Fenton: kk ima be fly n get bears
(01:02 / Allies) Teardrinker: good work
(01:03 / Allies) BadBrains: word
(01:12 / All) GODLY-SAINT.: winter olympics is like basketball, nobody gives a shit about it
(01:21 / All) Fenton: no thats the summer olympics
(01:22 / All) BadBrains: lol
(01:30 / All) Trinity.nV: especially WOMENS hockey
(01:30 / All) BadBrains: winter olympics too
(01:30 / All) Trinity.nV: LOL
(01:33 / All) Trinity.nV: Who cares
(01:50 / All) Fenton: you seee the sweds the legs go for miles
(01:58 / All) gayNoob: rub it on your chest
(02:12 / All) gayNoob: blow it out your ass
(06:09 / All) Fenton: soo hows it going fellas
(07:00 / Allies) Trinity.nV: teal come
(07:02 / Allies) Fenton: green helpz me
(07:09 / Allies) Teardrinker: k after this shop
(07:37 / All) Teardrinker: FUCK
(07:45 / All) TeamPlayer: nice mh red
(07:49 / Allies) BadBrains: brt red
(08:49 / Allies) BadBrains: gj red
(08:53 / All) BadBrains: lol
(09:09 / Allies) BadBrains: fuck
(09:29 / Allies) Teardrinker: pro strat
(09:34 / Allies) BadBrains: red hunt
(09:58 / Allies) Teardrinker: careful
(10:40 / Allies) BadBrains: tower up
(10:50 / Allies) Trinity.nV: b
(10:51 / Allies) Trinity.nV: b
(10:51 / Allies) Trinity.nV: b
(12:57 / Allies) Trinity.nV: b
(12:58 / Allies) Trinity.nV: b
(13:30 / All) BadBrains: lol
(13:31 / All) BadBrains: gg
(13:54 / Allies) BadBrains: red wtf
(13:57 / Allies) BadBrains: dont block me
(16:09 / All) rawPOWER: gg
(16:10 / All) BadBrains: tanks ftw
(16:13 / All) BadBrains: gg
(16:20 / Allies) Trinity.nV: b
(16:20 / Allies) Trinity.nV: b
(16:20 / Allies) Trinity.nV: b
(16:21 / Allies) Trinity.nV: b
(17:06 / Allies) BadBrains: someone mass air
(17:33 / Allies) BadBrains: or melle
(19:31 / Allies) Trinity.nV: HEPL
(20:40 / Allies) Trinity.nV: red..
(20:41 / Allies) Trinity.nV: or green
(20:44 / Allies) Trinity.nV: we need you to get units lol
(20:45 / Allies) BadBrains: ?
(20:56 / Allies) Trinity.nV: i need wood badly
(21:06 / Allies) Trinity.nV: ty
(21:07 / Allies) Teardrinker: np
(21:18 / Allies) Fenton: np who ever is controling blue has a mp
(21:21 / Allies) Fenton: mh
(21:27 / Allies) Trinity.nV: hes bad
(21:28 / Allies) Trinity.nV: who cares
(22:13 / Allies) Fenton: 100 gold plz
(22:22 / All) Teardrinker: maphack
(22:36 / All) Teardrinker: purple goes in burrows when my invisible heroes are nearby'
(22:40 / All) Teardrinker: and brings tauren back
(22:43 / All) Teardrinker: right next to them
(22:44 / All) Teardrinker: lol
(22:46 / Allies) Trinity.nV: HELP
(22:50 / All) TeamPlayer: red mh too
(22:59 / Allies) Trinity.nV: help
(23:00 / Allies) Trinity.nV: help
(23:00 / Allies) Trinity.nV: help
(23:01 / Allies) Trinity.nV: help
(23:01 / Allies) Trinity.nV: help
(23:02 / Allies) Trinity.nV: help
(23:05 / Allies) Teardrinker: no
(23:16 / Allies) Trinity.nV: 8k
(23:17 / Allies) Trinity.nV: no units
(23:17 / Allies) Trinity.nV: wtf kid
(23:22 / Allies) Teardrinker: lol
(23:26 / Allies) BadBrains: green sou suck!!!!!!
(23:37 / All) Trinity.nV: Green has 8k lmao
(23:43 / All) Fenton: 9.6
(23:45 / All) Teardrinker: and you can only wish you did
(23:48 / All) Trinity.nV: oh sorry
(24:29 / All) Trinity.nV: LOL
(24:31 / All) Trinity.nV: PURP has mh
(24:33 / All) Trinity.nV: Accusing me of t
(24:36 / All) Teardrinker: I pointed that out
(24:48 / All) Trinity.nV: He accuses me of MHing and he is map hacking
(24:48 / All) TeamPlayer: uber late dude
(24:48 / All) Trinity.nV: LOL
(24:50 / All) Trinity.nV: What a faggot
(25:07 / All) Trinity.nV: So you have it?
(25:14 / All) BadBrains: yes he does
(25:16 / All) Teardrinker: it was really obvious
(25:20 / All) BadBrains: he cant win unless he does
(25:38 / All) Teardrinker: nice tp
(25:41 / All) Fenton: yeh he does mh
(25:54 / Allies) Trinity.nV: trying to get him on record
(25:56 / All) Teardrinker: but still can't see me buy sappers
(26:12 / All) Teardrinker: nor probably realiseh ow
(26:46 / All) Teardrinker: lol
(26:54 / All) Teardrinker: bring your whole army back for the goblin shredder
(26:56 / All) Teardrinker: good work buddy
(27:01 / All) Teardrinker: too hard to split 2 tauren
(27:10 / All) Teardrinker: took you long enough to see that critter
(27:15 / All) BadBrains: no expos
(27:17 / All) BadBrains: gg
(27:29 / Allies) Trinity.nV: wood me
(27:37 / Allies) Trinity.nV: green if ur not gonna use
(27:44 / Allies) Trinity.nV: give me some plz
(28:01 / Allies) Teardrinker: How about no?
(28:03 / Allies) Teardrinker: Get your own
(28:05 / Allies) Trinity.nV: lol
(28:05 / Allies) Teardrinker: You rude prick
(28:06 / Allies) Trinity.nV: I am
(28:11 / Allies) BadBrains: why you even playing?
(28:11 / Allies) Teardrinker: Clearly not much if you have 44
(28:13 / Allies) Trinity.nV: you have 10k dude lmao
(28:15 / Allies) BadBrains: just to horde?
(28:17 / Allies) Teardrinker: I'm having fun with 2 heroes
(28:33 / Allies) Trinity.nV: Im trying..
(28:45 / All) Trinity.nV: God damn
(28:47 / All) Trinity.nV: How bad is your maphack
(28:49 / All) GODLY-SAINT.: lawl
(28:52 / All) GODLY-SAINT.: mas tp bro
(28:57 / All) Trinity.nV: Yeah. mh
(29:02 / All) Trinity.nV: You two are being reported IDC
(29:05 / All) Teardrinker: LOL
(29:26 / All) Teardrinker: He thinks in the year of our lord 2014 Blizzard will do something about maphackers in Warcraft III: The Frozen Throne Random
(29:30 / All) Teardrinker: Team Four Versus Four
(29:49 / All) BadBrains: gg
(30:05 / All) GODLY-SAINT.: aint over til the fat lady
(30:40 / All) BadBrains: me next blue
(31:19 / Allies) BadBrains: green give me some gold for tanks please
(31:22 / Allies) Teardrinker: No
(31:28 / Allies) Teardrinker: Do I look like a bank to you?
(31:30 / Allies) Teardrinker: I don't give loans
(31:33 / Allies) BadBrains: you're a retarderd bitch
(31:34 / Allies) Trinity.nV: there
(31:36 / Allies) Teardrinker: If I did it would have 500% interest
(31:38 / Allies) Trinity.nV: chill we won
(31:49 / Allies) BadBrains: maybe not
(31:52 / Allies) Trinity.nV: yes
(31:55 / Allies) Trinity.nV: you have tanks
(32:03 / Allies) BadBrains: i know
(32:05 / Allies) BadBrains: but still
(32:10 / Allies) Trinity.nV: exp
(32:11 / Allies) Trinity.nV: expo
(32:16 / Allies) Trinity.nV: cancel 2 of those tanks
(32:27 / Allies) Trinity.nV: do't go to blue yet
(33:16 / Allies) Trinity.nV: b
(33:16 / Allies) Trinity.nV: b
(33:31 / Allies) BadBrains: gonna get his expos
(33:36 / Allies) Trinity.nV: B
(33:39 / Allies) Trinity.nV: wtf..
(33:51 / Allies) Trinity.nV: OMG
(33:57 / Allies) Trinity.nV: wtf are you doing..
(34:03 / Allies) BadBrains: idk
(34:07 / Allies) BadBrains: wtf you doing?!!!
(34:09 / Allies) Trinity.nV: LISTEN TO ME FFS
(34:18 / All) Teardrinker: My team is pissed, they're arguing with each other
(34:19 / Allies) Trinity.nV: now we lost
(34:20 / All) Teardrinker: It's funny
(34:24 / Allies) Teardrinker: We lost from the start
(34:25 / All) BadBrains: lol green
(34:27 / All) Trinity.nV: greens got 11k
(34:28 / All) BadBrains: get a life
(34:31 / All) Trinity.nV: He's a pussy
(34:40 / Allies) Teardrinker: From where you're kneeling it must look like an 18-karat turn of bad luck, but truth is, the game was rigged from the start
(34:40 / Allies) BadBrains: we would win if you wrrent such a bitch
(34:57 / All) Trinity.nV: lol look at this nerd
(35:13 / All) Teardrinker: Nerd implies smart
(35:22 / All) BadBrains: hell no
(35:28 / All) Trinity.nV: No it doesn't moron
(35:29 / All) Trinity.nV: Not at all
(35:30 / All) Teardrinker: lol
(35:32 / All) GODLY-SAINT.: wtf im winning 1v4?
(35:39 / All) Teardrinker: Both people on my team don't know what a word means
(35:41 / All) Trinity.nV: Not hard, we have no gold and green is being a retard
(35:46 / All) BadBrains: yeah green helping you
(35:51 / All) Trinity.nV: NERD doesn't imply smart
(35:52 / All) BadBrains: so 2v2
(36:00 / All) Trinity.nV: Look at this faggot, he thinks hes really smart
(36:06 / All) Teardrinker: lmao
(36:18 / All) BadBrains: i think greens gotta be at least half retarded
(36:21 / All) Teardrinker: Nice base, teal
(36:22 / All) Trinity.nV: No wonder he's a smurf
(36:30 / All) BadBrains: lol
(36:31 / All) BadBrains: gg
(36:36 / All) Teardrinker: LOL
(36:38 / All) Teardrinker: They drop like flies
(37:11 / All) Teardrinker: Red says he hopes I rot in hell nigger
(37:28 / All) GODLY-SAINT.: not 2 nice
(37:52 / All) GODLY-SAINT.: i sersiously had no idea u had an archamge thought u were just bloodmage
(38:02 / All) Teardrinker: He tried to correct my "grammar"
(38:07 / All) Teardrinker: He corrected spelling
(38:14 / All) Teardrinker: and he didn't correct it because I spelled it the same way as him
(38:35 / All) Teardrinker: I tried to whisper him back a final time but "That user is not logged on."
(38:38 / All) Teardrinker: He's a little upset
(41:15 / All) GODLY-SAINT.: red was hackign too?
(41:21 / All) Teardrinker: No idea
(42:08 / All) Teardrinker: Any final words for us?
(42:12 / All) Teardrinker: Orange?
(42:38 / All) GODLY-SAINT.: break after this